 Dungeon Crawl Stone Soup version 0.24.0-123-gd5b16e6ec5 (webtiles) character file.

Game seed: 6247160110867777801, levelgen mode: deterministic

9368 Johnny the Spear-Bearer (level 11, -17/97 HPs)
             Began as a Demigod Gladiator on Jan 26, 2020.
             Demolished by a two-headed ogre
             ... wielding a +0 giant spiked club
              (30 damage)
             ... on level 12 of the Dungeon.
             The game lasted 00:13:08 (12627 turns).

Johnny the Spear-Bearer (Demigod Gladiator)        Turns: 12627, Time: 00:13:09

Health: -17/97     AC:  8    Str: 23    XL:     11   Next: 2%
Magic:  14/14      EV: 13    Int: 12    God:
Gold:   473        SH:  0    Dex: 17    Spells: 10/10 levels left

rFire    . . .     SeeInvis .   e - +0 halberd
rCold    . . .     Gourm    .   (shield currently unavailable)
rNeg     . . .     Faith    .   h - +2 troll leather armour
rPois    .         Spirit   .   r - +0 helmet
rElec    .         Reflect  .   E - scarf {repulsion}
rCorr    .         Harm     +   (no gloves)
MR       +....                  C - +0 pair of boots
Stlth    +.........             t - amulet of harm
HPRegen  0.66/turn              F - ring of wizardry
MPRegen  0.14/turn              (no ring)

@: about to teleport, repel missiles
A: high mp 1
a: no special abilities


You were on level 12 of the Dungeon.
You were not hungry.

You visited 1 branch of the dungeon, and saw 12 of its levels.

You collected 473 gold pieces.

Inventory:

Hand Weapons
 a - a +1 trident
 e - a +0 halberd (weapon)
Armour
 h - a +2 troll leather armour (worn)
 r - a +0 helmet (worn)
 C - a +0 pair of boots (worn)
 E - a scarf of repulsion (worn)
Jewellery
 k - an uncursed amulet of faith {unknown}
 n - an uncursed ring of ice
 t - an amulet of harm (around neck)
 F - a ring of wizardry (left hand)
 G - a +5 amulet of reflection
Wands
 l - a wand of paralysis (1)
 x - a wand of enslavement (4)
Scrolls
 b - 2 scrolls of amnesia
 i - 3 scrolls of enchant weapon
 j - 5 scrolls of magic mapping
 p - a scroll of blinking {unknown}
 u - 3 scrolls of teleportation
 v - 2 scrolls of immolation
 w - 4 scrolls of remove curse
 y - a scroll of fog
 B - a scroll of identify
 D - a scroll of enchant armour
Potions
 c - a potion of brilliance
 d - a potion of haste {unknown}
 g - 5 potions of curing
 m - a potion of cancellation {unknown}
 o - a potion of might {unknown}
 q - a potion of flight {unknown}
 s - a potion of degeneration {unknown}
 A - a potion of mutation {unknown}
Comestibles
 f - 16 rations
 H - 2 chunks of flesh


   Skills:
 + Level 9.5 Fighting
 * Level 13.1 Polearms
 - Level 1.7 Throwing
 - Level 2.6 Dodging


You had 10 spell levels left.
You didn't know any spells.
Your spell library contained the following spells:

 Spells                   Type           Power        Failure   Level  Hunger
 Corona                   Hex            #......      16%         1    ##.....
 Ensorcelled Hibernation  Hex/Ice        #.....       22%         2    ###....
 Poisonous Vapours        Pois/Air       #.....       22%         2    ###....
 Slow                     Hex            #.......     22%         2    ###....
 Confuse                  Hex            #.......     41%         3    ####...
 Conjure Flame            Conj/Fire      #.......     41%         3    ####...
 Dazzling Spray           Conj/Hex       #.....       41%         3    ####...
 Inner Flame              Hex/Fire       #.......     41%         3    ####...
 Mephitic Cloud           Conj/Pois/Air  #.......     41%         3    ####...
 Portal Projectile        Hex/Tloc       #.....       41%         3    ####...
 Tukima's Dance           Hex            #.......     41%         3    ####...
 Cause Fear               Hex            #.........   80%         4    #####..
 Leda's Liquefaction      Hex/Erth       #.........   80%         4    #####..
 Silence                  Hex/Air        #.........   98%         5    ######.
 Yara's Violent Unravell  Hex/Tmut       #.........   98%         5    ######.
 Deflect Missiles         Chrm/Air       #.........   100%        6    #######
 Freezing Cloud           Conj/Ice/Air   #.........   100%        6    #######
 Ring of Flames           Chrm/Fire      #.........   100%        7    #######
 Discord                  Hex            #.........   100%        8    #######


Dungeon Overview and Level Annotations

Branches:
Dungeon (12/15)            Temple (0/1) D:5            Lair (0/6) D:9
    Orc (0/2) D:11

Annotations:
D:5 2 transporters


Innate Abilities, Weirdness & Mutations

You have an increased reservoir of magic. (+10% MP)


Message History

Press: ? - help, Shift-Dir - straight line, f/p - two-headed ogre
Aim: a two-headed ogre, wielding two +0 giant spiked clubs (severely wounded, chance to defeat MR: 28%)
The two-headed ogre easily resists.
The two-headed ogre hits you with a +0 giant spiked club!
* * * LOW HITPOINT WARNING * * *
The two-headed ogre barely misses you.
Evoke which item? (* to show all) (? for menu, Esc to quit)
Aiming: Paralyse
Press: ? - help, Shift-Dir - straight line, f/p - two-headed ogre
Aim: a two-headed ogre, wielding two +0 giant spiked clubs (severely wounded, chance to defeat MR: 28%)
The two-headed ogre easily resists.
Unknown command.
You feel much better.
The two-headed ogre hits you with a +0 giant spiked club! x2
* * * LOW HITPOINT WARNING * * *
Unknown command.
As you read the scroll of teleportation, it crumbles to dust.
You feel strangely unstable.
The two-headed ogre hits you with a +0 giant spiked club!!
You die...

### #.# ###
#######.############# #...
.....................
#....#######.#####≈#######
#...>....@O..o...≈≈≈......
#....##.####.###≈≈≈≈≈#####
#....##.# #...≈≈≈≈≈≈≈..<#
#.......# #.#≈≈≈≈≈≈≈≈≈###
#...###.####.≈≈≈≈≈≈≈≈≈≈#
.............≈###########
######.#.###..#8###⌠###
#.#.# #........... # #.#
#...........


You could see a two-headed ogre and an orc warrior.

Vanquished Creatures
  4 two-headed ogres
  Psyche (D:11)
  A gargoyle (D:11)
  A troll (D:9)
  2 hippogriffs
  4 yaks
  2 hungry ghosts (D:9)
  3 hogs (D:8)
  2 steam dragons
  A human (D:8)
  A water moccasin (D:11)
  A soldier ant (D:11)
  2 orc warriors (D:8)
  A hornet zombie (D:10)
  A sky beast (D:9)
  An ice beast (D:10)
  A necrophage (D:10)
  2 phantoms
  5 ogres
  3 wolves (D:9)
  6 centaurs
  3 bullfrogs
  6 killer bees
  A howler monkey (D:11)
  3 crimson imps
  A centaur zombie (D:6)
  2 bullfrog zombies
  4 jellies
  6 orc priests
  6 hounds
  7 orc wizards
  4 bullfrog skeletons
  6 worker ants
  A hound zombie (D:10)
  2 hound skeletons
  A worker ant zombie (D:11)
  7 gnolls
  13 adders
  A shadow imp (D:5)
  An ooze (D:3)
  2 adder zombies
  An adder skeleton (D:4)
  2 worms (D:2)
  A dart slug (D:3)
  6 leopard geckos
  35 orcs
  13 bats
  5 giant cockroaches
  8 goblins
  10 hobgoblins
  14 jackals
  4 quokkas
  3 ball pythons
  2 jackal zombies (D:8)
  7 kobolds
  A leopard gecko skeleton (D:3)
  3 quokka skeletons
  11 rats
248 creatures vanquished.

Vanquished Creatures (others)
  5 killer bees (D:11)
  A bullfrog zombie (D:11)
  An orc wizard (D:9)
7 creatures vanquished.

Grand Total: 255 creatures vanquished

Notes
Turn   | Place    | Note
-------+----------+-------------------------------------------
     0 | D:1      | Johnny the Demigod Gladiator began the quest for the Orb.
     0 | D:1      | Reached XP level 1. HP: 17/17 MP: 3/3
    20 | D:1      | Reached skill level 3 in Polearms
    75 | D:1      | Reached XP level 2. HP: 12/24 MP: 4/4
   505 | D:1      | Reached XP level 3. HP: 25/30 MP: 5/5
   980 | D:2      | Found a snail-covered altar of Cheibriados.
  1004 | D:2      | Reached skill level 4 in Polearms
  1246 | D:2      | Reached XP level 4. HP: 11/37 MP: 6/6
  1653 | D:2      | Found a radiant altar of Vehumet.
  1994 | D:3      | Found a shimmering blue altar of Sif Muna.
  2394 | D:3      | Reached XP level 5. HP: 45/45 MP: 7/7
  2426 | D:3      | Reached skill level 5 in Polearms
  3121 | D:3      | Reached XP level 6. HP: 30/52 MP: 8/8
  3716 | D:4      | Reached skill level 6 in Polearms
  4126 | D:5      | Entered Level 5 of the Dungeon
  4172 | D:5      | Reached XP level 7. HP: 52/60 MP: 9/9
  4387 | D:5      | Found a transporter.
  4387 | D:5      | Found a glowing silver altar of Zin.
  4387 | D:5      | Noticed a white ugly thing
  4388 | D:5      | Noticed a two-headed ogre
  4388 | D:5      | Noticed a hungry ghost
  4404 | D:5      | Found a transporter.
  4441 | D:5      | Found a staircase to the Ecumenical Temple.
  4807 | D:6      | Noticed a hippogriff
  4995 | D:6      | Reached skill level 7 in Polearms
  5258 | D:6      | Killed a hippogriff
  5258 | D:6      | Reached skill level 5 in Fighting
  5456 | D:6      | Noticed a skeletal warrior
  5622 | D:6      | Noticed a skeletal warrior
  6040 | D:7      | Reached skill level 8 in Polearms
  6040 | D:7      | Reached XP level 8. HP: 69/69 MP: 10/10
  6934 | D:8      | Reached skill level 9 in Polearms
  7633 | D:8      | Reached XP level 9. HP: 78/78 MP: 11/11
  8258 | D:9      | Noticed a two-headed ogre
  8269 | D:9      | Reached skill level 10 in Polearms
  8943 | D:9      | Killed a two-headed ogre
  8943 | D:9      | Reached skill level 11 in Polearms
  8947 | D:9      | Noticed a two-headed ogre
  8956 | D:9      | Killed a two-headed ogre
  8956 | D:9      | Reached XP level 10. HP: 76/88 MP: 13/13
  9429 | D:9      | Found a staircase to the Lair.
  9930 | D:10     | Entered Level 10 of the Dungeon
 10373 | D:10     | Noticed a two-headed ogre
 10394 | D:10     | Reached skill level 12 in Polearms
 10395 | D:10     | Killed a two-headed ogre
 10738 | D:10     | Paralysed by an orc for 2 turns
 11702 | D:11     | Found a staircase to the Orcish Mines.
 12119 | D:11     | Noticed Psyche
 12127 | D:11     | Killed Psyche
 12164 | D:11     | Noticed a two-headed ogre
 12229 | D:11     | Killed a two-headed ogre
 12229 | D:11     | Reached skill level 13 in Polearms
 12229 | D:11     | Reached XP level 11. HP: 67/97 MP: 14/14
 12605 | D:12     | Noticed a two-headed ogre
 12627 | D:12     | Demolished by a two-headed ogre

Levels and vault maps discovered:
D:1:      mrwooster_arrival_statue_2, layout_basic
D:2:      layout_basic, vehumet_crystals, cheibriados_altar_1,
          chequers_mini_garden
D:3:      layout_basic, led_sif_book, first_ration
D:4:      layout_rooms
D:5:      layout_loops_ring, gammafunk_temple_overflow_arena,
          minmay_temple_entry_overgrown
D:6:      layout_loops_corners, lemuel_round_altar, lemuel_doored_altar,
          serial_shops, nicolae_shop_waterfront, grunt_decor_clamped
D:7:      layout_basic, minmay_hedge_maze
D:8:      layout_loops_corners, grunt_livestock
D:9:      layout_basic, erik_lair_island
D:10:     nicolae_whirlpool, layout_long_grid
D:11:     layout_basic, orc_0_dummy, serial_glass, glass_columns_a,
          glass_columns_a, feat_on_display, due_unseen_surprise, uniq_psyche
D:12:     layout_basic, corexii_hall_statues_i

Skill      XL: |  1  2  3  4  5  6  7  8  9 10 |
---------------+-------------------------------+-----
Polearms       | 3 4 5 6 8 9 11 13 | 13.1
Fighting       | 2 3 4 5 6 8 9 |  9.5
Throwing       | |  1.7
Dodging        | |  2.6

Action                   |  1- 3 |  4- 6 |  7- 9 | 10-12 || total
-------------------------+-------+-------+-------+-------++-------
Melee: Trident           |   139 |    82 |       |       ||   221
       Halberd           |       |   163 |   257 |   244 ||   664
Throw: Throwing net      |       |       |     4 |       ||     4
Evoke: Wand              |       |       |    11 |    30 ||    41
  Use: Scroll            |       |     8 |     4 |     7 ||    19
       Potion            |       |       |     5 |     3 ||     8
 Stab: Sleeping          |     1 |     7 |       |       ||     8
       Distracted        |       |     1 |       |       ||     1
       Held in net/web   |       |       |     3 |       ||     3
       Paralysed         |       |       |       |     3 ||     3
  Eat: Chunk             |     1 |     9 |    14 |     8 ||    32
       Ration            |       |       |     2 |     1 ||     3
Armor: Leather armour    |    30 |    47 |       |       ||    77
       Ring mail         |       |    11 |    45 |       ||    56
       Chain mail        |       |       |    68 |    17 ||    85
       Troll leather arm |       |       |       |    66 ||    66
       Skin              |       |       |       |    17 ||    17
Dodge: Dodged            |    90 |   103 |   146 |   183 ||   522
       Deflected         |       |       |     4 |    29 ||    33
Block: Other             |       |    13 |       |       ||    13
